 Dungeon Crawl Stone Soup version 0.26.1-11-gd32895ea62 (webtiles) character file.

Game seed: 17246530738972030094

7800 sankara the Geomancer (level 11, 67/67 HPs)
             Began as a Gargoyle Earth Elementalist on May 2, 2021.
             Was a High Priest of Vehumet.
             Got out of the dungeon alive.
             The game lasted 00:45:21 (14276 turns).

sankara the Geomancer (GrEE)                       Turns: 14276, Time: 00:45:21

Health: 67/67      AC: 24    Str: 12    XL:     11   Next: 20%
Magic:  20/20      EV: 15    Int: 19    God:    Vehumet [*****.]
Gold:   590        SH:  0    Dex: 10    Spells: 1/22 levels left

rFire    + . .     SeeInvis .   a - +1 dagger (speed)
rCold    . . .     Faith    .   (no shield)
rNeg     + . .     Spirit   .   K - +2 steam dragon scales
rPois    ∞         Reflect  .   (no helmet)
rElec    +         Harm     .   C - +2 cloak
rCorr    .         Rampage  .   D - +0 pair of gloves
Will     .....                  (no boots)
Stlth    +++.......             (no amulet)
HPRegen  0.21/turn              j - +4 ring of protection
MPRegen  0.17/turn              s - ring of protection from fire

@: no status effects
A: negative energy resistance 1, electricity resistance, unbreathing,
petrification resistance, miasma immunity, AC +8
a: Renounce Religion


You escaped.
You worshipped Vehumet.
Vehumet was extremely pleased with you.
You visited 2 branches of the dungeon, and saw 10 of its levels.
You also visited: Sewer.

You collected 590 gold pieces.

Inventory:

Hand Weapons
 a - a +1 dagger of speed (weapon)
 o - a +0 hunting sling
 y - a +2 vorpal falchion
 H - a +2 whip of flaming
Missiles
 u - a throwing net
 v - 13 javelins
 x - 61 stones
 E - 14 boomerangs
Armour
 C - a +2 cloak (worn)
 D - a +0 pair of gloves (worn)
 I - a +2 robe of positive energy
 K - +2 steam dragon scales (worn)
 L - a +1 robe of fire resistance
Magical Staves
 b - an uncursed staff of conjuration
 w - an uncursed staff of death
Jewellery
 f - an uncursed ring of stealth
 j - a +4 ring of protection (left hand)
 s - a ring of protection from fire (right hand)
 N - an uncursed ring of positive energy {unknown}
Wands
 c - a wand of iceblast (7)
 G - a wand of flame (25)
 M - a wand of disintegration (13)
Scrolls
 d - 6 scrolls of fear
 g - 3 scrolls of amnesia
 h - 6 scrolls of identify
 i - 5 scrolls of remove curse
 p - a scroll of enchant armour
 q - 3 scrolls of teleportation
 t - 3 scrolls of blinking
 z - a scroll of noise {unknown}
 A - a scroll of brand weapon {unknown}
 F - a scroll of vulnerability {unknown}
Potions
 e - 5 potions of flight {unknown}
 k - a potion of brilliance {unknown}
 l - 2 potions of heal wounds {unknown}
 m - 2 potions of resistance {unknown}
 n - 11 potions of curing
 r - a potion of magic {unknown}
 B - 2 potions of berserk rage {unknown}
 J - 2 potions of haste {unknown}
 O - a potion of invisibility {unknown}


   Skills:
 - Level 7.0 Fighting
 + Level 4.1 Armour
 - Level 7.0 Dodging
 - Level 5.0 Stealth
 + Level 6.4 Spellcasting
 * Level 4.6 Conjurations
 + Level 5.1 Transmutations
 * Level 9.2 Earth Magic


You had one spell level left.
You knew the following spells:

 Your Spells              Type           Power        Failure   Level
a - Sandblast             Erth           82%          1%          1
b - Passwall              Tmut/Erth      27%          1%          2
c - Stone Arrow           Conj/Erth      64%          1%          3
d - Petrify               Tmut/Erth      33%          5%          4
e - Lee's Rapid Deconstr  Erth           20%          1%          5
f - Iron Shot             Conj/Erth      16%          24%         6

Your spell library contained the following spells:

 Spells                   Type           Power        Failure   Level
 Foxfire                  Conj/Fire      56%          1%          1
 Conjure Flame            Conj/Fire      14%          3%          3
 Inner Flame              Hex/Fire       6%           9%          3
 Sticky Flame             Conj/Fire      14%          11%         4
 Fireball                 Conj/Fire      7%           28%         5


Dungeon Overview and Level Annotations

Branches:
Dungeon (9/15)             Temple (1/1) D:4            Lair (0/6) D:8
    Orc (0/2) D:9           Sewer (visited)

Altars:
Ashenzari
Cheibriados
Dithmenos
Elyvilon
Fedhas
Gozag
Hepliaklqana
Kikubaaqudgha
Makhleb
Nemelex Xobeh
Okawaru
Qazlal
Ru
Sif Muna
Trog
Uskayaw
Vehumet
Wu Jian
Xom
Yredelemnul
Zin
The Shining One


Innate Abilities, Weirdness & Mutations

You are resistant to torment.
Your stone body is resilient. (AC +8)
You are immune to poison.
You resist negative energy. (rN+)
You are resistant to electric shocks. (rElec)
You can survive without breathing.
You are immune to petrification.
You are immune to miasma.


Message History

There is a stone staircase leading up here.
You climb upwards.
There is a stone staircase leading down here.
You see here a +0 mace.
There is a stone staircase leading up here.
You climb upwards.
There is a stone staircase leading down here.
There is a stone staircase leading up here.
There is a stone staircase leading down here.
There is a stone staircase leading up here.
You climb upwards.
There is a stone staircase leading down here.
You open the door.
There is an open door here.
There is a dry fountain here.
You enter the shallow water.
Moving in this stuff is going to be slow.
There is a staircase leading out of the dungeon here.
Are you sure you want to leave the Dungeon?
This will make you lose the game!
You have escaped!

.....#
#.#≈≈≈≈≈≈≈≈≈≈≈≈≈#
.....#
###≈≈≈≈≈≈≈≈≈≈≈≈≈#
.....#
#≈≈≈≈≈≈≈≈≈≈≈≈≈#
.....#
#≈≈≈≈≈≈≈≈≈≈≈≈≈#
.....#
#≈≈≈≈≈≈≈≈≈≈≈≈≈#
######
#≈≈≈≈≈≈≈≈≈≈≈≈≈#
#≈≈≈≈≈≈≈≈≈≈≈≈≈#
#≈≈≈≈≈...≈≈≈≈≈#
#≈≈≈≈..@..≈≈≈≈#
#≈≈≈≈≈...≈≈≈≈≈#
#≈≈≈≈≈≈≈≈≈≈≈≈≈#
#≈≈≈≈≈≈≈≈≈≈≈≈≈#
#≈≈≈≈≈≈≈≈≈≈≈≈≈#
#≈≈≈≈≈≈≈≈≈≈≈≈≈#
###############


There were no monsters in sight!

Vanquished Creatures
  Pikel (D:8)
  Maggie (D:8)
  The ghost of ZZKoverts the Conjurer, a novice DECj of Vehumet (D:6)
  A troll (D:8)
  A hornet (D:9)
  A meliai zombie (D:9)
  Menkaure (D:7)
  2 ice beasts
  5 orc warriors
  A phantom (D:9)
  8 sky beasts
  4 ogres
  3 centaurs
  2 wolves (D:8)
  2 lemures
  2 big kobolds
  7 bullfrogs
  A water moccasin zombie (D:7)
  3 scorpions
  A water moccasin skeleton (D:6)
  9 killer bees
  11 wights
  5 electric eels
  A vampire bat (D:4)
  A howler monkey (D:8)
  3 quasits
  8 hounds
  A jelly (D:9)
  A centaur skeleton (D:5)
  8 orc priests
  7 orc wizards
  4 bullfrog skeletons
  6 iguanas
  9 worker ants
  3 hound zombies
  2 hound skeletons
  2 worker ant zombies
  4 gnolls (D:3)
  21 adders
  A shadow imp (D:5)
  2 white imps
  A worker ant simulacrum (D:9)
  10 oozes
  2 adder skeletons (D:4)
  5 worms
  10 leopard geckos
  44 orcs
  8 bats
  3 bat skeletons (D:4)
  3 bat zombies (D:4)
  15 giant cockroaches
  9 goblins
  5 hobgoblins
  6 jackals
  13 kobolds
  5 quokkas
  8 ball pythons (Sewer)
  12 frilled lizards
  2 quokka skeletons
  2 quokka zombies (D:5)
  5 rats
325 creatures vanquished.

Vanquished Creatures (others)
  A fungus (D:2)
  4 plants
5 creatures vanquished.

Grand Total: 330 creatures vanquished

Notes
Turn   | Place    | Note
-------+----------+-------------------------------------------
     0 | D:1      | sankara the Gargoyle Earth Elementalist began the quest for
                  | the Orb.
     0 | D:1      | Reached XP level 1. HP: 10/10 MP: 3/3
   613 | D:2      | Reached skill level 4 in Earth Magic
   613 | D:2      | Reached XP level 2. HP: 12/15 MP: 1/5
   619 | D:1      | Learned a level 2 spell: Passwall
   807 | D:2      | Reached XP level 3. HP: 18/19 MP: 6/6
  1174 | D:2      | Found a broken altar of Ashenzari.
  1178 | D:2      | Saw a vision of the Swamp and the Spider Nest.
  1178 | D:2      | Noticed a vampire mosquito
  1178 | D:2      | Noticed a vampire mosquito
  1178 | D:2      | Noticed a wolf spider
  1178 | D:2      | Noticed a wolf spider
  1178 | D:2      | Noticed a hornet
  1178 | D:2      | Noticed a wolf spider
  1179 | D:2      | Noticed a hornet
  1179 | D:2      | Noticed a scorpion
  1303 | D:3      | Reached XP level 4. HP: 24/24 MP: 4/8
  1305 | D:3      | Reached skill level 5 in Earth Magic
  1444 | D:3      | Learned a level 3 spell: Stone Arrow
  1667 | D:3      | Reached skill level 1 in Transmutations
  1707 | D:3      | Reached XP level 5. HP: 23/28 MP: 6/10
  2049 | D:3      | Reached skill level 1 in Conjurations
  2542 | D:4      | Reached XP level 6. HP: 25/32 MP: 2/11
  2714 | D:4      | Reached skill level 6 in Earth Magic
  2754 | D:4      | Reached XP level 7. HP: 25/36 MP: 0/13
  2763 | D:4      | Found a staircase to the Ecumenical Temple.
  2770 | Temple   | Entered the Ecumenical Temple
  2811 | Temple   | Became a worshipper of Vehumet
  2901 | D:4      | Found a glowing drain.
  2911 | Sewer    | Entered a sewer
  3144 | Sewer    | Reached * piety under Vehumet
  3144 | Sewer    | Offered knowledge of Freeze by Vehumet.
  4039 | D:4      | Reached skill level 5 in Spellcasting
  4039 | D:4      | Reached skill level 7 in Earth Magic
  4044 | D:4      | Learned a level 4 spell: Petrify
  4050 | D:4      | Learned a level 5 spell: Lee's Rapid Deconstruction
  4177 | D:4      | Found an ancient bone altar of Kikubaaqudgha.
  4572 | D:5      | Entered Level 5 of the Dungeon
  4599 | D:5      | Reached ** piety under Vehumet
  4600 | D:5      | Reached skill level 1 in Fighting
  4612 | D:5      | Reached XP level 8. HP: 37/43 MP: 1/15
  4791 | D:5      | Offered knowledge of Shock by Vehumet.
  6214 | D:6      | Reached skill level 8 in Earth Magic
  6477 | D:6      | Reached XP level 9. HP: 50/50 MP: 14/18
  6755 | D:6      | Reached skill level 9 in Earth Magic
  7076 | D:6      | Found a runed translucent door.
  7088 | D:6      | Noticed ZZKoverts's ghost (novice DECj)
  7124 | D:6      | Found a runed translucent door.
  7220 | D:7      | Offered knowledge of Mephitic Cloud by Vehumet.
  7594 | D:7      | Found a shadowy altar of Dithmenos.
  7671 | D:7      | Noticed Menkaure
  7682 | D:7      | Killed Menkaure
  7682 | D:7      | Reached *** piety under Vehumet
  8075 | D:7      | Reached skill level 5 in Dodging
  8740 | D:8      | Offered knowledge of Airstrike by Vehumet.
  9001 | D:8      | Noticed Pikel
  9151 | D:8      | Killed Pikel
  9152 | D:8      | Reached skill level 5 in Fighting
  9152 | D:8      | Reached skill level 5 in Stealth
  9152 | D:8      | Reached XP level 10. HP: 43/59 MP: 9/19
  9661 | D:8      | Noticed Maggie
  9679 | D:8      | Killed Maggie
  9918 | D:8      | Found a staircase to the Lair.
 10008 | D:8      | Reached skill level 1 in Armour
 10633 | D:8      | Reached **** piety under Vehumet
 12028 | D:9      | Offered knowledge of Lightning Bolt by Vehumet.
 12331 | D:9      | Reached skill level 5 in Transmutations
 13072 | D:9      | Reached XP level 11. HP: 67/67 MP: 12/20
 13148 | D:9      | Found a staircase to the Orcish Mines.
 13514 | D:9      | Reached ***** piety under Vehumet
 13514 | D:9      | Offered knowledge of Iron Shot by Vehumet.
 13525 | D:9      | Learned a level 6 spell: Iron Shot
 13969 | D:6      | Killed ZZKoverts's ghost
 14276 | D:$      | Got out of the dungeon alive.

Illustrated notes

Levels and vault maps discovered:
D:1:      zaba_arrival_water, layout_basic
D:2:      layout_rooms, grunt_ashenzari_visionary
          [grunt_ashenzari_visionary_swamp, grunt_ashenzari_visionary_spider]
D:3:      layout_loops_ring, st_stairs_2
D:4:      layout_loops_cross, kennysheep_vampire_church,
          minmay_temple_entry_proselytizer, portal_sewer_entry_d
D:5:      layout_basic
D:6:      layout_loops_ring, ebering_ghost_sewer_f
D:7:      layout_loops_ring, basic_altar, uniq_menkaure
D:8:      layout_layer_cave, erik_lair_island, chequers_ossuary_entry_cave,
          uniq_pikel, uniq_maggie
D:9:      nzn_winding_woodlands_large [nzn_winding_woodlands_hourglass,
          nzn_winding_woodlands_5x15_eye, nzn_winding_woodlands_5x5_three,
          nzn_winding_woodlands_center_triple_pond,
          nzn_winding_woodlands_15x15_eel_pit,
          nzn_winding_woodlands_center_lodge,
          nzn_winding_woodlands_5x5_open_star,
          nzn_winding_woodlands_5x15_crooked,
          nzn_winding_woodlands_5x5_default], layout_basic, hiddenorc1_lemuel,
          kennysheep_generic_room_14
Temple:   kilobyte_greek_temple

Skill      XL: |  1  2  3  4  5  6  7  8  9 10 11 |
---------------+----------------------------------+-----
Earth Magic    | 4 5 6 7 8 9 |  9.2
Spellcasting   | 3 4 5 6 |  6.4
Transmutations | 1 2 3 5 |  5.1
Conjurations   | 2 3 4 |  4.6
Fighting       | 1 3 5 7 |  7.0
Dodging        | 2 3 5 6 7 |  7.0
Stealth        | 5 |  5.0
Armour         | 3 4 |  4.1

Action                   |  1- 3 |  4- 6 |  7- 9 | 10-12 || total
-------------------------+-------+-------+-------+-------++-------
Melee: Unarmed           |     8 |       |       |       ||     8
       Dagger            |    91 |   166 |   785 |   255 ||  1297
       Staff             |       |       |       |     7 ||     7
 Cast: Sandblast         |    16 |    60 |   159 |    17 ||   252
       Stone Arrow       |       |     1 |    31 |   163 ||   195
       Petrify           |       |       |       |     1 ||     1
       Iron Shot         |       |       |       |     3 ||     3
  Use: Scroll            |     6 |     3 |     1 |     2 ||    12
 Stab: Sleeping          |     2 |     5 |     7 |       ||    14
       Petrified         |       |       |       |    12 ||    12
Armor: Robe              |    45 |    69 |   301 |     3 ||   418
       Steam dragon scal |       |       |       |   151 ||   151
Dodge: Dodged            |    86 |    98 |   518 |   162 ||   864
